 Dungeon Crawl Stone Soup version 0.30-a0-272-gf98c3da03f (webtiles) character file.

Game seed: 10951473851906306171

112 greasedhog the Stinger (level 4, -5/25 HPs)
             Began as a Gargoyle Venom Mage on Oct 15, 2022.
             Slain by an iguana (10 damage)
             ... on level 2 of the Dungeon.
             The game lasted 00:03:11 (1640 turns).

greasedhog the Stinger (Gargoyle Venom Mage)        Turns: 1640, Time: 00:03:12

Health: -5/25      AC:  6    Str: 12    XL:     4   Next: 93%
Magic:  7/8        EV:  8    Int: 17    God:
Gold:   115        SH:  0    Dex: 10    Spells: 5/8 levels left

rFire   . . .      SeeInvis .    l - +5 dagger (drain)
rCold   . . .      Faith    .    (no shield)
rNeg    + . .      Spirit   .    a - +0 robe
rPois   ∞          Reflect  .    k - +0 helmet
rElec   +          Harm     .    (no cloak)
rCorr   .          Rampage  .    (no gloves)
Will    +....                    (no boots)
Stlth   ++........               (no amulet)
HPRegen 0.24/turn                j - ring of willpower
MPRegen 0.11/turn                (no ring)

@: constricted
A: sickness immunity, AC +3, negative energy resistance 1, electricity
resistance, torment resistance 1, petrification resistance
a: no special abilities


You were on level 2 of the Dungeon.
You visited 1 branch of the dungeon, and saw 3 of its levels.

You collected 115 gold pieces.

Inventory:

Hand Weapons
 l - a +5 dagger of draining (weapon)
Missiles
 e - a throwing net
Armour
 a - a +0 robe (worn)
 k - a +0 helmet (worn)
Jewellery
 j - a ring of willpower (left hand)
Wands
 h - a wand of acid (5)
Scrolls
 c - a scroll of teleportation
 f - 2 scrolls of immolation
 g - a scroll of blinking {unknown}
Potions
 b - a potion of magic
 d - 3 potions of heal wounds {unknown}
 i - a potion of might {unknown}


   Skills:
 + Level 1.5 Fighting
 - Level 1.5 Dodging
 - Level 2.1 Stealth
 * Level 2.9 Spellcasting
 * Level 1.9 Transmutations
 * Level 3.9 Poison Magic


You had 5 spell levels left.
You knew the following spells:

 Your Spells              Type           Power      Damage    Failure   Level
a - Sting                 Tmut/Pois      48%        1d5       5%          1
b - Poisonous Vapours     Pois/Air       18%        N/A       12%         2

Your spell library contained the following spells:

 Spells                   Type           Power      Damage    Failure   Level
 Apportation              Tloc           4%         N/A       19%         1
 Passwall                 Tmut/Erth      4%         N/A       19%         2
 Ensorcelled Hibernation  Hex/Ice        4%         N/A       26%         2
 Mephitic Cloud           Conj/Pois/Air  6%         N/A       30%         3
 Olgreb's Toxic Radiance  Pois           15%        N/A       34%         4
 Swiftness                Air            2%         N/A       47%         3
 Alistair's Intoxication  Tmut/Pois      8%         N/A       82%         5


Dungeon Overview and Level Annotations

Branches:
Dungeon (3/15)

Altars:

Shops:
D:2 =


Innate Abilities, Weirdness & Mutations

You are immune to sickness and miasma.
Your stone body is resilient. (AC +3)
You are immune to poison.
You resist negative energy. (rN+)
You are resistant to electric shocks. (rElec)
You are resistant to unholy torment.
You are immune to petrification.


Message History

The adder bites you but does no damage. The adder closely misses you.
You closely miss the adder.
The adder is moderately wounded.
The adder bites you but does no damage.
You miss the adder.
The adder is moderately wounded.
The adder bites you.
You hit the adder. You drain the adder.
You kill the adder!
No target in view!
No target in view!
No target in view!
No target in view!
No target in view!
No target in view!
No target in view!
No target in view!
No target in view!
No target in view!
You climb downwards.
The iguana bites you!
There is a stone staircase leading up here.
The sting hits the iguana but does no damage.
The iguana is poisoned.
The iguana barely misses you. The ball python bites you.
The ball python grabs you. The ball python constricts you.
You escape the ball python's grasp.
The iguana bites you!
* * * LOW HITPOINT WARNING * * *
You climb upwards.
There is a stone staircase leading down here.
You barely miss the ball python. The ball python barely misses you.
The ball python completely misses you. The iguana misses you.
Aiming: Corrosive Bolt
Press: ? - help, Shift-Dir - straight line, f - iguana
Aim: an iguana (lightly wounded, poisoned, 75% to hit)
The bolt of acid hits the iguana!
The iguana is severely wounded.
The ball python bites you but does no damage.
The ball python grabs you. The ball python constricts you.
The iguana bites you!
You die...

#..# #.....................
#..# #.###################.
#..# #.# #..... #..# #.# #.###.
#..# #.# ##.###. #..# #.#####
##...##. #..# #.....#
######.###.#. #..#####.###S#
#[.<...# #..< #..........#@#
#.####.###)..
##.#####...#l####.## ##....##
####.................# ##.)##
###...#######..######>.#####..#
......# #..# #))##.##..#
###...# #..# ####..#.#.#..#
##)## #..###......###...# #.#
######..........## ##..###
#.###...........###..###......


You could see an iguana (poisoned) and a ball python.

Vanquished Creatures
  Jessica (D:2)
  4 adders
  A worm (D:2)
  3 dart slugs (D:1)
  3 endoplasms
  2 giant cockroaches
  6 goblins
  5 hobgoblins
  2 quokkas (D:1)
  2 ball pythons (D:1)
  4 bats
  3 frilled lizards
  4 kobolds (D:2)
  A rat (D:1)
41 creatures vanquished.

Notes
Turn   | Place    | Note
-------+----------+-------------------------------------------
     0 | D:1      | greasedhog the Gargoyle Venom Mage began the quest for the
                  | Orb.
     0 | D:1      | Reached XP level 1. HP: 10/10 MP: 3/3
   152 | D:1      | Reached skill level 1 in Transmutations
   212 | D:1      | Reached XP level 2. HP: 9/15 MP: 0/5
   268 | D:1      | Learned a level 2 spell: Poisonous Vapours
   398 | D:1      | Found a faded altar of an unknown god.
   845 | D:2      | Reached XP level 3. HP: 16/20 MP: 1/6
   906 | D:2      | Noticed Jessica
   916 | D:2      | Killed Jessica
   917 | D:2      | Reached skill level 1 in Fighting
   986 | D:2      | Reached XP level 4. HP: 25/25 MP: 7/7
  1259 | D:2      | Found Zesy's Jewellery Shoppe.
  1640 | D:2      | Slain by an iguana

Illustrated notes

Levels and vault maps discovered:
D:1:      dpeg_arrival_water_temple_mockup, layout_rooms,
          basic_ecumenical_altar, minmay_misc_feat_alley, minmay_crystal_water
D:2:      layout_loops_ring, serial_shops, shop, minivault_23,
          minmay_tromino_i4, uniq_jessica
D:3:      layout_rooms, overflow_temple_1_default, kennysheep_path_1,
          skrybe_limestone_x

Skill      XL: |  1  2  3 |
---------------+----------+-----
Transmutations | 1 |  1.9
Fighting       | 1 |  1.5
Dodging        | |  1.5
Stealth        | |  2.1
Spellcasting   | |  2.9
Poison Magic   | |  3.9

Action                   |  1- 3 |  4- 6 || total
-------------------------+-------+-------++-------
Melee: Unarmed           |    23 |       ||    23
       Dagger            |    15 |    51 ||    66
 Cast: Sting             |    36 |     2 ||    38
       Poisonous Vapours |     1 |       ||     1
Evoke: Wand              |       |     1 ||     1
  Use: Scroll            |     2 |       ||     2
 Stab: Sleeping          |     1 |     2 ||     3
Armor: Robe              |    11 |    32 ||    43
Dodge: Dodged            |    30 |    32 ||    62

Table legend: (Time is in decaauts)
 A = Elapsed time spent in this place.
 B = Non-inter-level travel time spent in this place.
 C = Inter-level travel time spent in this place.
 D = Time resting spent in this place.
 E = Time spent auto-exploring this place.
 F = Levels seen in this place.
 G = Mean time per level.
                   A        B        C        D        E       F      G
               +--------+--------+--------+--------+--------+-----+--------+
         Total |   1639 |   1609 |     30 |    133 |   1170 |   3 |  546.3 |
       Dungeon |   1639 |   1609 |     30 |    133 |   1170 |   3 |  546.3 |
               +--------+--------+--------+--------+--------+-----+--------+

Top non-repeatable levels by time:
     D:2: 815 daAuts
     D:1: 810 daAuts
     D:3: 14 daAuts
